 Dungeon Crawl Stone Soup version 0.25-a0-547-g27a0b5d1ef (webtiles) character file.

Game seed: 7221100645953190745, levelgen mode: deterministic

24 Defined the Covered (level 3, 0/31 HPs)
             Began as a Gnoll Wanderer on Feb 22, 2020.
             Killed from afar by an orc wizard (9 damage)
             ... with a puff of frost
             ... on level 2 of the Dungeon.
             The game lasted 00:04:22 (1405 turns).

Defined the Covered (Gnoll Wanderer)                Turns: 1405, Time: 00:04:23

Health: 0/31       AC:  9    Str: 16    XL:     3   Next: 2%
Magic:  13/13      EV: 10    Int: 14    God:
Gold:   49         SH:  0    Dex: 13    Spells: 3/3 levels left

rFire    . . .     SeeInvis +   a - +0 hand axe
rCold    . . .     Gourm    .   (no shield)
rNeg     . . .     Faith    .   b - +2 scale mail
rPois    .         Spirit   .   (no helmet)
rElec    .         Reflect  .   (no cloak)
rCorr    .         Harm     .   (no gloves)
MR       .....                  (no boots)
Stlth    +.........             (no amulet)
HPRegen  0.10/turn              o - ring of magical power
MPRegen  0.13/turn              l - ring of see invisible

@: no status effects
A: distributed training, fangs 1, strong nose
a: no special abilities


You were on level 2 of the Dungeon.
You were hungry.

You visited 1 branch of the dungeon, and saw 2 of its levels.

You collected 49 gold pieces.

Inventory:

Hand Weapons
 a - a +0 hand axe (weapon)
Missiles
 e - 6 poisoned darts (quivered)
 h - 6 boomerangs
 n - 16 sling bullets
Armour
 b - a +2 scale mail (worn)
Jewellery
 i - an uncursed ring of ice
 l - a ring of see invisible (right hand)
 o - a ring of magical power (left hand)
Scrolls
 c - 2 scrolls of teleportation
 g - 3 scrolls of identify {unknown}
 m - a scroll of magic mapping {unknown}
Potions
 j - a potion of stabbing {unknown}
 k - a potion of berserk rage {unknown}
Comestibles
 d - 3 rations
 f - 2 chunks of flesh


   Skills:
 + Level 4.5 Fighting
 + Level 0.5 Short Blades
 + Level 0.5 Long Blades
 + Level 4.5 Axes
 + Level 0.5 Maces & Flails
 + Level 0.5 Polearms
 + Level 2.5 Staves
 + Level 0.5 Slings
 + Level 0.5 Bows
 + Level 0.5 Crossbows
 + Level 0.5 Throwing
 + Level 4.5 Armour
 + Level 2.5 Dodging
 + Level 2.3 Stealth
 + Level 0.5 Shields
 + Level 0.5 Unarmed Combat
 + Level 0.5 Spellcasting
 + Level 0.4 Conjurations
 + Level 0.4 Hexes
 + Level 0.4 Charms
 + Level 0.4 Summonings
 + Level 0.4 Necromancy
 + Level 0.4 Translocations
 + Level 0.4 Transmutations
 + Level 0.4 Fire Magic
 + Level 0.4 Ice Magic
 + Level 0.4 Air Magic
 + Level 0.4 Earth Magic
 + Level 0.4 Poison Magic
 + Level 0.7 Invocations
 + Level 2.5 Evocations


You had 3 spell levels left.
You didn't know any spells.
Your spell library was empty.

Dungeon Overview and Level Annotations

Branches:
Dungeon (2/15)

Altars:


Innate Abilities, Weirdness & Mutations

Your experience applies equally to all skills.
You have very sharp teeth.
Your uncanny sense of smell can sniff out nearby items.


Message History

The orc wizard is heavily wounded.
The orc wizard hits you but does no damage.
You hit the orc wizard but do no damage.
The orc wizard is heavily wounded.
The orc wizard points at you and mumbles some strange words.
The puff of frost hits you.
You hit the orc wizard.
The orc wizard is severely wounded.
The orc wizard hits you but does no damage.
You hit the orc wizard but do no damage.
The orc wizard is severely wounded.
The rat twitches its whiskers.
The orc wizard casts a spell at you. The puff of frost hits you.
* * * LOW HITPOINT WARNING * * *
You hit the orc wizard.
The orc wizard is almost dead.
The orc wizard gestures at you while chanting.
The puff of frost hits you!
You die...

#### ########## ...#
#........#
..(###############o?.....(##
................@oo.........
####.####...######r.......#.
# #.# #...# #........#
####.# #...# ###........#
...#.# #...# #...o......#
...#.####...#####.##.######
...#.#<............#.##
................÷..(..#
...#..÷...............#


You could see an orc wizard (invisible), 2 orcs and a rat.

Vanquished Creatures
  A leopard gecko (D:1)
  An orc (D:2)
  A giant cockroach (D:1)
  A goblin (D:1)
  A hobgoblin (D:1)
  2 kobolds (D:1)
  3 bats
  9 frilled lizards (D:1)
  8 rats
27 creatures vanquished.

Notes
Turn   | Place    | Note
-------+----------+-------------------------------------------
     0 | D:1      | Defined the Gnoll Wanderer began the quest for the Orb.
     0 | D:1      | Defined set off with the following items: a +0 hand axe, a
                  | +2 scale mail, a scroll of teleportation, a ration
     0 | D:1      | Reached XP level 1. HP: 20/20 MP: 2/2
   177 | D:1      | Reached XP level 2. HP: 21/26 MP: 3/3
   827 | D:1      | You fall into a shaft and drop 1 floor!
  1387 | D:2      | Reached XP level 3. HP: 23/31 MP: 4/4
  1405 | D:2      | Killed from afar by an orc wizard

Levels and vault maps discovered:
D:1:      ebering_trefoil_3fold, layout_basic, minmay_lizard_pond
D:2:      layout_basic, lemuel_round_altar

Action                   || total
-------------------------++-------
Melee: Hand axe          ||    87
       Bite              ||     9
       Punch             ||     1
Throw: Dart              ||     2
  Eat: Chunk             ||     1
Armor: Scale mail        ||    24
Dodge: Dodged            ||    47

Table legend:
 A = Non-vault XP
 B = Vault XP
 C = Vault XP percentage of total XP
 D = Non-vault monster count
 E = Vault monster count
 F = Vault count percentage of total count
                 A         B        C        D         E       F
            +---------+---------+-------+---------+---------+-------
      Total |      28 |       7 |  20.0 |      20 |       7 |  25.9
            +---------+---------+-------+---------+---------+-------
        D:1 |      22 |       7 |  24.1 |      16 |       7 |  30.4
        D:2 |       6 |       0 |   0.0 |       4 |       0 |   0.0
            +---------+---------+-------+---------+---------+-------
